 Dungeon Crawl Stone Soup version 0.28.0-47-ge53b351184 (webtiles) character file.

Game seed: 3682055582356887681

130 GigaChad the Skirmisher (level 4, -7/41 HPs)
             Began as a Minotaur Fighter on May 9, 2022.
             Mangled by a gnoll
             ... wielding a +0 halberd
              (8 damage)
             ... on level 2 of the Dungeon.
             The game lasted 00:03:41 (2076 turns).

GigaChad the Skirmisher (Minotaur Fighter)          Turns: 2076, Time: 00:03:41

Health: -7/41      AC:  7    Str: 21    XL:     4   Next: 89%
Magic:  3/3        EV:  9    Int:  5    God:
Gold:   18         SH:  4    Dex: 11    Spells: 3/3 levels left

rFire   . . .      SeeInvis .   a - +0 long sword
rCold   . . .      Faith    .   c - +0 buckler
rNeg    . . .      Spirit   .   b - +0 scale mail
rPois   .          Reflect  .   (helmet restricted)
rElec   .          Harm     .   (no cloak)
rCorr   .          Rampage  .   (no gloves)
Will    .....                   (no boots)
Stlth   ..........              (no amulet)
HPRegen 0.13/turn               (no ring)
MPRegen 0.08/turn               (no ring)

@: no status effects
A: horns 2, retaliatory headbutt
a: no special abilities


You were on level 2 of the Dungeon.
You visited 1 branch of the dungeon, and saw 2 of its levels.

You collected 18 gold pieces.

Inventory:

Hand Weapons
 a - a +0 long sword (weapon)
Armour
 b - a +0 scale mail (worn)
 c - a +0 buckler (worn)
 h - an orb of energy
Scrolls
 f - a scroll of noise {unknown}
 j - a scroll of identify
Potions
 d - a potion of might
 e - a potion of flight
 g - a potion of haste {unknown}
 i - a potion of heal wounds


   Skills:
 + Level 4.9 Fighting
 + Level 3.7 Long Blades
 + Level 4.5 Armour
 + Level 0.3 Dodging
 + Level 0.3 Stealth
 + Level 4.1 Shields


You had 3 spell levels left.
You didn't know any spells.
Your spell library contained the following spells:

 Spells                   Type           Power      Damage    Failure   Level
 Foxfire                  Conj/Fire      0%         2x1d4     88%         1
 Shock                    Conj/Air       0%         1d3       88%         1
 Slow                     Hex            0%         N/A       88%         1
 Confusing Touch          Hex            0%         N/A       99%         3
 Inner Flame              Hex/Fire       0%         N/A       99%         3
 Swiftness                Air            0%         N/A       99%         3
 Vampiric Draining        Necr           0%         2d6       99%         3
 Airstrike                Air            0%         N/A       100%        4
 Cause Fear               Hex            0%         N/A       100%        4
 Discord                  Hex            0%         N/A       100%        8


Dungeon Overview and Level Annotations

Branches:
Dungeon (2/15)

Altars:


Innate Abilities, Weirdness & Mutations

You have a pair of horns on your head.
You reflexively headbutt those who attack you in melee.


Message History

You kill the rat!
The frilled lizard bites you.
Unknown command.
You hit the frilled lizard.
You kill the frilled lizard!
The gnoll closely misses you. x2
You hit the gnoll.
The gnoll is moderately wounded.
The gnoll barely misses you. x2
You hit the gnoll. You headbutt the gnoll.
The gnoll is heavily wounded.
An adder comes into view.
The gnoll hits you with a +0 flail! You block the gnoll's attack.
The adder hisses angrily.
You slash the gnoll!
You kill the gnoll!
The gnoll hits you from afar with a +0 halberd!
The gnoll hits you with a +0 halberd.
Things that are here:
a +0 flail; a frilled lizard corpse You closely miss the gnoll.
The gnoll hits you but does no damage. The gnoll hits you with a +0 flail!
* * * LOW HITPOINT WARNING * * *
The gnoll barely misses you. You furiously retaliate!
You headbutt the gnoll. You hit the gnoll. You headbutt the gnoll.
The gnoll is almost dead.
You block the gnoll's attack. The gnoll closely misses you.
You closely miss the gnoll.
The gnoll is almost dead.
The gnoll hits you but does no damage. The gnoll closely misses you.
The gnoll hits you with a +0 flail.
* * * LOW HITPOINT WARNING * * *
You closely miss the gnoll.
The gnoll is almost dead.
The gnoll barely misses you. The gnoll hits you but does no damage.
You closely miss the gnoll.
The gnoll is almost dead.
You block the gnoll's attack. The gnoll misses you.
The gnoll hits you with a +0 halberd!
You die...

######..#.###.#...†#.# #
...............'....#.###
########...###.#....#....
#...# #.##'#.##### #...#
#....#.# #.
#.#.########.# #.
#.#..........# #.
#.############ # #@#
#gg...... ##S..#### .....
....... ##..... .....
.....


You could see 2 gnolls and an adder.

Vanquished Creatures
  A scorpion (D:2)
  A gnoll (D:2)
  2 adders (D:2)
  4 dart slugs
  A ball python (D:1)
  5 endoplasms
  A giant cockroach (D:2)
  5 goblins
  5 hobgoblins (D:1)
  A kobold (D:2)
  A quokka (D:2)
  5 bats
  A frilled lizard (D:2)
  5 rats
38 creatures vanquished.

Notes
Turn   | Place    | Note
-------+----------+-------------------------------------------
     0 | D:1      | GigaChad the Minotaur Fighter began the quest for the Orb.
     0 | D:1      | Reached XP level 1. HP: 19/19 MP: 0/0
    59 | D:1      | Found a faded altar of an unknown god.
    77 | D:1      | Got Plato's Grimoire of Confrontation
   162 | D:1      | Reached XP level 2. HP: 27/27 MP: 1/1
  1129 | D:1      | Reached XP level 3. HP: 33/33 MP: 2/2
  1361 | D:2      | Noticed a scorpion
  1364 | D:2      | Killed a scorpion
  1365 | D:2      | Reached XP level 4. HP: 23/41 MP: 3/3
  2074 | D:2      | HP: 1/41 [gnoll/+0 flail (6)]
  2076 | D:2      | Mangled by a gnoll

Illustrated notes

Levels and vault maps discovered:
D:1:      roderic_crossed_star, layout_basic,
          shapermc_ecumenical_altar_rom_forum
D:2:      layout_basic, grunt_ministairs_2, kennysheep_generic_room_13

Skill      XL: |  1  2  3 |
---------------+----------+-----
Armour         | 4 |  4.5
Fighting       | 4 |  4.9
Long Blades    | 3 |  3.7
Shields        | 4 |  4.1
Dodging        | |  0.3
Stealth        | |  0.3

Action                   |  1- 3 |  4- 6 || total
-------------------------+-------+-------++-------
Melee: Long sword        |    50 |    33 ||    83
       Headbutt          |     8 |     2 ||    10
  Use: Scroll            |     3 |       ||     3
       Potion            |     1 |       ||     1
Armor: Scale mail        |    33 |    23 ||    56
Dodge: Dodged            |    35 |    24 ||    59
Block: Buckler           |    14 |    10 ||    24
